 Dungeon Crawl Stone Soup version 0.23.2-40-g277498a001 (webtiles) character file.

Game seed: 3368004238732270793

42 Descartes the Charmwright (level 3, -3/28 HPs)
             Began as a Formicid Skald on Aug 13, 2019.
             Slain by a goblin
             ... wielding a +0 dagger
              (4 damage)
             ... on level 2 of the Dungeon.
             The game lasted 00:01:49 (961 turns).

Descartes the Charmwright (Formicid Skald)           Turns: 961, Time: 00:01:50

Health: -3/28      AC:  5    Str: 16    XL:     3   Next: 77%
Magic:  6/6        EV: 11    Int: 12    God:
Gold:   18         SH:  0    Dex: 10    Spells: 5/6 levels left

rFire    . . .     SeeInvis +   a - +0 hand axe
rCold    . . .     Gourm    .   (no shield)
rNeg     . . .     Faith    .   f - +0 ring mail
rPois    .         Spirit   .   (helmet unavailable)
rElec    .         Reflect  .   (no cloak)
rCorr    .         Harm     .   (no gloves)
MR       .....                  (no boots)
Stlth    +.........             (no amulet)
HPRegen  0.09/turn              (no ring)
MPRegen  0.10/turn              (no ring)

@: no status effects
A: permanent stasis, dig shafts and tunnels, four strong arms, antennae 3
a: Dig, Shaft Self


You were on level 2 of the Dungeon.
You were not hungry.

You visited 1 branch of the dungeon, and saw 2 of its levels.

You collected 18 gold pieces.

Inventory:

Hand Weapons
 a - a +0 hand axe (weapon)
Missiles
 h - 66 sling bullets
Armour
 b - a +0 leather armour
 f - a +0 ring mail (worn)
Scrolls
 e - 4 scrolls of identify {unknown}
 g - 2 scrolls of amnesia {unknown}
 k - a scroll of teleportation {unknown}
Potions
 c - a potion of flight {unknown}
 i - a potion of degeneration {unknown}
Comestibles
 d - 2 rations
 j - 2 chunks of flesh


   Skills:
 + Level 2.8 Fighting
 + Level 2.4 Axes
 + Level 1.5 Armour
 + Level 2.0 Dodging
 + Level 0.2 Stealth
 + Level 2.3 Spellcasting
 + Level 3.3 Charms


You had 5 spell levels left.
You knew the following spells:

 Your Spells              Type           Power        Failure   Level  Hunger
a - Infusion              Chrm           #...         12%         1    ##.....

Your spell library contained the following spells:

 Spells                   Type           Power        Failure   Level  Hunger
 Song of Slaying          Chrm           #.......     19%         2    ###....
 Shroud of Golubria       Chrm/Tloc      #.........   36%         2    ###....
 Regeneration             Chrm/Necr      #.........   58%         3    ####...
 Spectral Weapon          Hex/Chrm       #.......     58%         3    ####...


Dungeon Overview and Level Annotations

Branches:
Dungeon (2/15)

Altars:
Xom


Innate Abilities, Weirdness & Mutations

You cannot be hasted, slowed, berserked, paralysed or teleported.
You can dig through walls and to a lower floor.
Your four strong arms can wield two-handed weapons with a shield.
You have a pair of large antennae on your head. (SInv)


Message History

You barely miss the goblin.
The goblin is moderately wounded.
You hit the hobgoblin.
You kill the hobgoblin!
The goblin hits you but does no damage.
You hit the goblin but do no damage.
The goblin is moderately wounded.
The goblin barely misses you.
You hit the goblin.
The goblin is severely wounded.
The goblin hits you but does no damage. The goblin hits you with a +0 dagger.
* * * LOW HITPOINT WARNING * * *
You closely miss the goblin.
The goblin is severely wounded.
The goblin hits you with a +0 dagger.
* * * LOW HITPOINT WARNING * * *
You barely miss the goblin.
The goblin is severely wounded.
The goblin hits you with a +0 dagger.
You die...

#.# #.# #.#
#######.#
#.......#
#.#########
#.........#
#########.#
#@#
#†g....#
##.###.# ..
... ....
_...?
....##


You could see a goblin.

Vanquished Creatures
  An ooze (D:1)
  A dart slug (D:2)
  2 leopard geckos
  6 bats
  3 giant cockroaches
  2 goblins (D:1)
  6 hobgoblins
  2 kobolds (D:1)
  A quokka (D:2)
  2 frilled lizards (D:1)
  4 rats (D:1)
30 creatures vanquished.

Notes
Turn   | Place    | Note
-------+----------+-------------------------------------------
     0 | D:1      | Descartes the Formicid Skald began the quest for the Orb.
     0 | D:1      | Reached XP level 1. HP: 16/16 MP: 3/3
    20 | D:1      | Reached XP level 2. HP: 13/23 MP: 5/5
   294 | D:1      | Reached XP level 3. HP: 4/28 MP: 6/6
   940 | D:2      | Found a shimmering altar of Xom.
   960 | D:2      | HP: 1/28 [goblin/+0 dagger (1)]
   961 | D:2      | Slain by a goblin

Skill      XL: |  1  2  3 |
---------------+----------+-----
Dodging        | 2 |  2.0
Fighting       | |  2.8
Axes           | |  2.4
Armour         | |  1.5
Stealth        | |  0.2
Spellcasting   | |  2.3
Charms         | |  3.3

Action                   || total
-------------------------++-------
Melee: Hand axe          ||   115
Armor: Leather armour    ||    12
       Ring mail         ||    43
Dodge: Dodged            ||    87
